 Dungeon Crawl Stone Soup version 0.31-a0-167-g1c394c0614 (webtiles) character file.

Game seed: 14933083939754955204

1124 qw the Skirmisher (level 8, -3/68 (74) HPs)
             Began as a Naga Hunter on June 14, 2023.
             Slain by a wight
             ... wielding a +0 trident
              (11 damage)
             ... on level 5 of the Dungeon.
             The game lasted 00:01:42 (4725 turns).

qw the Skirmisher (Naga Hunter)                     Turns: 4725, Time: 00:01:43

HP:   -3/68 (74)    AC:  4    Str: 13    XL:     8   Next: 35%
MP:   8/8           EV: 10    Int:  9    God:
Gold: 190           SH:  0    Dex: 18    Spells: 7/7 levels left

rFire   . . .        Y - +0 shortbow
rCold   . . .        (shield currently unavailable)
rNeg    . . .        c - +0 leather armour
rPois   +            (no helmet)
rElec   .            d - scarf {repulsion}
rCorr   .            (no gloves)
SInv    +            (no barding)
Will    ++...        (no amulet)
Stlth   ++           f - ring of willpower
HPRegen 0.31/turn    (no ring)
MPRegen 0.11/turn

%: repel missiles
@: drained, very slow
A: AC +2, large, see invisible, deformed body, poison resistance, slowness 2,
spit poison 1, naga tail 1
a: Spit Poison


You were on level 5 of the Dungeon.
You visited 1 branch of the dungeon, and saw 5 of its levels.

You collected 190 gold pieces.


Innate Abilities, Weirdness & Mutations

Your serpentine skin is tough. (AC +2)
You have supernaturally acute eyesight. (SInv)
Armour fits poorly on your strangely shaped body.
Your system is resistant to poisons. (rPois)
You cover ground very slowly.
You can spit poison.
You have a snake-like lower body.


   Skills:
 - Level 5.0 Fighting
 + Level 8.0 Ranged Weapons
 - Level 3.1 Dodging
 - Level 1.5 Stealth


You had 7 spell levels left.
You didn't know any spells.
Your spell library was empty.

Inventory:

Hand Weapons
 Y - a +0 shortbow (weapon)
Armour
 c - a +0 leather armour (worn)
 d - a scarf of repulsion (worn)
Jewellery
 f - a ring of willpower (left hand)
Scrolls
 a - 2 scrolls of enchant armour
 b - a scroll of identify
 h - a scroll of revelation {unknown}
Potions
 e - 4 potions of might
 g - a potion of resistance
 i - a potion of haste

Dungeon Overview and Level Annotations

Branches:
Dungeon (5/15)
 Temple: D:4-7

Altars:
Elyvilon
Hepliaklqana
The Shining One

Annotations:
D:5 3 runed translucent doors, qw's ghost, novice NaHu


Message History

Your Fighting skill increases to level 5!
You shoot an arrow. The arrow barely misses the wight.
The wight barely misses you.
You shoot an arrow. The arrow hits the wight.
The wight is moderately damaged.
The wight barely misses you.
You shoot an arrow.
The arrow hits the wight but does no damage.
The wight is moderately damaged.
The wight hits you from afar with a +0 spear.
You shoot an arrow. The arrow hits the wight.
The wight is lightly damaged.
The wight hits you but does no damage.
The wight hits you from afar with a +0 trident.
The wight hits you but does no damage.
You shoot an arrow. The arrow hits the wight.
The wight is moderately damaged.
The wight hits you with a +0 dagger.
You feel drained.
The wight hits you from afar with a +0 spear!
You feel drained.
The wight hits you from afar with a +0 trident!
You shoot an arrow.
The arrow hits the wight but does no damage.
The wight is moderately damaged.
The wight closely misses you. The wight completely misses you.
You shoot an arrow. The arrow barely misses the wight.
The wight closely misses you. The wight barely misses you.
The wight hits you from afar with a +0 trident.
You shoot an arrow.
The arrow hits the wight but does no damage.
The wight is moderately damaged.
The wight hits you from afar with a +0 spear!
You feel drained. The wight hits you but does no damage.
The wight closely misses you.
You shoot an arrow.
The arrow hits the wight but does no damage.
The wight is moderately damaged.
The wight hits you from afar with a +0 spear.
The wight hits you from afar with a +0 trident!
You die...

#### #..#### . #...#.##
.. ##......##..#
#...........#
###...>..z.....
#....##@)z.##.
##......z).##
##......#....#
####.......##...#
#####...>......# )..?#
............<......[...
#.##............##.....
##+###+###.... .....
..#.


You could see 3 wights.

Vanquished Creatures
  Eustachio (D:4)
  2 ogres
  A black bear (D:5)
  A scorpion (D:4)
  A wight (D:5)
  3 hounds
  A gnoll bouda (D:5)
  An orc priest (D:3)
  4 iguanas
  4 orc wizards (D:4)
  3 gnolls (D:5)
  8 adders
  2 river rats (D:4)
  A shadow imp (D:5)
  A white imp (D:3)
  4 worms
  2 dart slugs (D:1)
  15 orcs
  7 ball pythons
  8 bats
  7 endoplasms
  2 giant cockroaches
  3 goblins
  7 hobgoblins
  6 jackals
  5 kobolds
  2 frilled lizards (D:3)
  5 rats
107 creatures vanquished.

Notes
Turn   | Place    | Note
-------+----------+-------------------------------------------
     0 | D:1      | qw the Naga Hunter began the quest for the Orb.
     0 | D:1      | Reached XP level 1. HP: 19/19 MP: 1/1
     0 | D:1      | 0 ||| qw: Version: 0.2-a-29-g1fa15c8
     0 | D:1      | 0 ||| qw: Game counter: 4901
     0 | D:1      | 0 ||| qw: Always use a shield: true
     0 | D:1      | 0 ||| qw: God list: Okawaru
     0 | D:1      | 0 ||| qw: Allow faded altars: false
     0 | D:1      | 0 ||| qw: Do Orc after D:15 true
     0 | D:1      | 0 ||| qw: Do second Lair branch before Depths: true
     0 | D:1      | 0 ||| qw: Lair rune preference: random
     0 | D:1      | 0 ||| qw: Plans: Normal
     0 | D:1      | 0 ||| PLANNING D:1-11
   115 | D:1      | 115 ||| INVOKING Spit Poison.
   155 | D:1      | 155 ||| INVOKING Spit Poison.
   329 | D:1      | 329 ||| INVOKING Spit Poison.
   330 | D:1      | Reached skill level 4 in Ranged Weapons
   330 | D:1      | Reached XP level 2. HP: 26/26 MP: 2/2
   376 | D:1      | 376 ||| INVOKING Spit Poison.
   506 | D:1      | 506 ||| INVOKING Spit Poison.
   638 | D:1      | 638 ||| INVOKING Spit Poison.
   690 | D:1      | 690 ||| INVOKING Spit Poison.
   701 | D:1      | 701 ||| INVOKING Spit Poison.
   739 | D:1      | 739 ||| INVOKING Spit Poison.
   794 | D:1      | 794 ||| FLEEEEING.
   800 | D:1      | 800 ||| INVOKING Spit Poison.
  1002 | D:1      | 1002 ||| UPGRADING to ring of willpower.
  1003 | D:1      | 1003 ||| READING scroll labelled ZOCAJEDEVO.
  1004 | D:1      | 1004 ||| READING scroll labelled GAUKLO QUUHEZ.
  1005 | D:1      | 1005 ||| READING scroll labelled ECWEP OTHODGH.
  1006 | D:1      | 1006 ||| READING scroll labelled CAON QOHOULAYSCH.
  1056 | D:1      | 1056 ||| DROPPING scroll of butterflies.
  1087 | D:2      | 1087 ||| INVOKING Spit Poison.
  1088 | D:2      | Reached XP level 3. HP: 32/32 MP: 3/3
  1123 | D:2      | 1123 ||| INVOKING Spit Poison.
  1129 | D:2      | 1129 ||| INVOKING Spit Poison.
  1135 | D:2      | 1135 ||| INVOKING Spit Poison.
  1240 | D:2      | 1240 ||| INVOKING Spit Poison.
  1245 | D:2      | 1245 ||| INVOKING Spit Poison.
  1262 | D:2      | 1262 ||| INVOKING Spit Poison.
  1267 | D:2      | 1267 ||| INVOKING Spit Poison.
  1312 | D:2      | 1312 ||| INVOKING Spit Poison.
  1316 | D:2      | 1316 ||| INVOKING Spit Poison.
  1377 | D:2      | 1377 ||| INVOKING Spit Poison.
  1386 | D:2      | 1386 ||| INVOKING Spit Poison.
  1387 | D:2      | Reached skill level 5 in Ranged Weapons
  1387 | D:2      | Reached XP level 4. HP: 39/39 MP: 4/4
  1501 | D:2      | 1501 ||| INVOKING Spit Poison.
  1520 | D:2      | 1520 ||| INVOKING Spit Poison.
  1557 | D:2      | 1557 ||| INVOKING Spit Poison.
  1561 | D:2      | 1561 ||| INVOKING Spit Poison.
  1912 | D:2      | 1912 ||| READING scroll labelled GEFOIH TUZASH.
  1913 | D:2      | 1913 ||| READING 2 scrolls labelled GUKILE FEGRI.
  1914 | D:2      | 1914 ||| DROPPING scroll of noise.
  1948 | D:3      | Found a white marble altar of Elyvilon.
  1953 | D:3      | 1953 ||| INVOKING Spit Poison.
  1957 | D:3      | 1957 ||| INVOKING Spit Poison.
  1987 | D:3      | 1987 ||| INVOKING Spit Poison.
  1991 | D:3      | 1991 ||| INVOKING Spit Poison.
  1992 | D:3      | Reached skill level 3 in Fighting
  2073 | D:3      | Noticed an ogre
  2074 | D:3      | 2074 ||| INVOKING Spit Poison.
  2080 | D:3      | 2080 ||| INVOKING Spit Poison.
  2080 | D:3      | Killed an ogre
  2081 | D:3      | Reached XP level 5. HP: 49/49 MP: 5/5
  2090 | D:3      | Found a hazy altar of Hepliaklqana.
  2137 | D:3      | 2137 ||| INVOKING Spit Poison.
  2176 | D:3      | 2176 ||| INVOKING Spit Poison.
  2193 | D:3      | 2193 ||| INVOKING Spit Poison.
  2314 | D:3      | 2314 ||| INVOKING Spit Poison.
  2456 | D:3      | 2456 ||| INVOKING Spit Poison.
  2463 | D:3      | 2463 ||| INVOKING Spit Poison.
  2464 | D:3      | Reached skill level 6 in Ranged Weapons
  2464 | D:3      | Reached XP level 6. HP: 55/56 MP: 6/6
  2498 | D:3      | 2498 ||| INVOKING Spit Poison.
  2528 | D:3      | 2528 ||| INVOKING Spit Poison.
  2532 | D:3      | 2532 ||| INVOKING Spit Poison.
  2537 | D:3      | 2537 ||| INVOKING Spit Poison.
  2541 | D:3      | 2541 ||| INVOKING Spit Poison.
  2548 | D:3      | 2548 ||| INVOKING Spit Poison.
  2553 | D:3      | 2553 ||| INVOKING Spit Poison.
  2557 | D:3      | 2557 ||| INVOKING Spit Poison.
  2559 | D:3      | HP: 11/56 [orc/+0 flail (7)]
  2562 | D:3      | 2562 ||| INVOKING Spit Poison.
  2586 | D:3      | 2586 ||| INVOKING Spit Poison.
  2591 | D:3      | 2591 ||| INVOKING Spit Poison.
  2743 | D:3      | 2743 ||| INVOKING Spit Poison.
  2886 | D:3      | 2886 ||| READING 4 scrolls labelled ECVITOYLUWK.
  2887 | D:3      | 2887 ||| READING scroll labelled OZEACZ DYREXT.
  2894 | D:3      | 2894 ||| INVOKING Spit Poison.
  2896 | D:3      | 2896 ||| READING 3 scrolls of identify.
  2896 | D:3      | 2896 ||| IDENTIFYING glowing sapphire potion
  2897 | D:3      | 2897 ||| READING 2 scrolls of identify.
  2897 | D:3      | 2897 ||| IDENTIFYING yellow potion
  2898 | D:3      | 2898 ||| DROPPING potion of lignification.
  2914 | D:4      | 2914 ||| PLANNING SEWER
  2926 | D:4      | 2926 ||| INVOKING Spit Poison.
  2932 | D:4      | 2932 ||| INVOKING Spit Poison.
  2935 | D:4      | 2935 ||| INVOKING Spit Poison.
  3024 | D:4      | Noticed Eustachio
  3027 | D:4      | 3027 ||| INVOKING Spit Poison.
  3032 | D:4      | 3032 ||| INVOKING Spit Poison.
  3039 | D:4      | 3039 ||| INVOKING Spit Poison.
  3039 | D:4      | Killed Eustachio
  3040 | D:4      | Reached skill level 3 in Dodging
  3040 | D:4      | Reached XP level 7. HP: 52/64 MP: 7/7
  3114 | D:4      | 3114 ||| INVOKING Spit Poison.
  3121 | D:4      | 3121 ||| INVOKING Spit Poison.
  3125 | D:4      | 3125 ||| INVOKING Spit Poison.
  3135 | D:4      | 3135 ||| INVOKING Spit Poison.
  3141 | D:4      | 3141 ||| INVOKING Spit Poison.
  3146 | D:4      | 3146 ||| INVOKING Spit Poison.
  3151 | D:4      | 3151 ||| INVOKING Spit Poison.
  3154 | D:4      | 3154 ||| INVOKING Spit Poison.
  3176 | D:4      | 3176 ||| INVOKING Spit Poison.
  3215 | D:4      | 3215 ||| INVOKING Spit Poison.
  3219 | D:4      | 3219 ||| INVOKING Spit Poison.
  3310 | D:4      | 3310 ||| INVOKING Spit Poison.
  3313 | D:4      | 3313 ||| INVOKING Spit Poison.
  3343 | D:4      | 3343 ||| INVOKING Spit Poison.
  3350 | D:4      | Found a glowing golden altar of the Shining One.
  3392 | D:4      | 3392 ||| RIP SEWER
  3427 | D:4      | 3427 ||| PLANNING D:1-11
  3427 | D:4      | 3427 ||| UPGRADING to scarf of repulsion.
  3432 | D:4      | 3432 ||| READING 2 scrolls of identify.
  3432 | D:4      | 3432 ||| IDENTIFYING fuming coppery potion
  3442 | D:4      | 3442 ||| STAIRDANCE
  3446 | D:4      | 3446 ||| STAIRDANCE
  3450 | D:4      | 3450 ||| STAIRDANCE
  3454 | D:4      | 3454 ||| STAIRDANCE
  3458 | D:4      | 3458 ||| STAIRDANCE
  3462 | D:4      | 3462 ||| STAIRDANCE
  3466 | D:4      | 3466 ||| STAIRDANCE
  3470 | D:4      | 3470 ||| STAIRDANCE
  3474 | D:4      | 3474 ||| STAIRDANCE
  3478 | D:4      | 3478 ||| STAIRDANCE
  3482 | D:4      | 3482 ||| STAIRDANCE
  3486 | D:4      | 3486 ||| STAIRDANCE
  3490 | D:4      | 3490 ||| STAIRDANCE
  3494 | D:4      | 3494 ||| STAIRDANCE
  3498 | D:4      | 3498 ||| STAIRDANCE
  3502 | D:4      | 3502 ||| STAIRDANCE
  3506 | D:4      | 3506 ||| STAIRDANCE
  3510 | D:4      | 3510 ||| STAIRDANCE
  3514 | D:4      | 3514 ||| STAIRDANCE
  3518 | D:4      | 3518 ||| STAIRDANCE
  3590 | D:3      | 3590 ||| Stepping randomly (stuck).
  3718 | D:4      | 3718 ||| INVOKING Spit Poison.
  3720 | D:4      | 3720 ||| Stepping ~*~*~tactically~*~*~ (outnumbered).
  3725 | D:4      | 3725 ||| INVOKING Spit Poison.
  3728 | D:4      | 3728 ||| INVOKING Spit Poison.
  3733 | D:4      | 3733 ||| INVOKING Spit Poison.
  3740 | D:4      | Reached skill level 7 in Ranged Weapons
  3740 | D:4      | 3740 ||| INVOKING Spit Poison.
  3745 | D:4      | 3745 ||| INVOKING Spit Poison.
  3751 | D:4      | 3751 ||| INVOKING Spit Poison.
  3921 | D:4      | 3921 ||| INVOKING Spit Poison.
  3926 | D:4      | 3926 ||| INVOKING Spit Poison.
  3930 | D:4      | 3930 ||| INVOKING Spit Poison.
  3934 | D:4      | 3934 ||| INVOKING Spit Poison.
  3937 | D:4      | 3937 ||| INVOKING Spit Poison.
  3942 | D:4      | 3942 ||| INVOKING Spit Poison.
  4037 | D:4      | 4037 ||| INVOKING Spit Poison.
  4200 | D:4      | 4200 ||| INVOKING Spit Poison.
  4207 | D:4      | 4207 ||| INVOKING Spit Poison.
  4211 | D:4      | Reached XP level 8. HP: 46/72 MP: 8/8
  4312 | D:4      | 4312 ||| READING 4 scrolls of identify.
  4312 | D:4      | 4312 ||| IDENTIFYING fizzy inky potion
  4313 | D:4      | 4313 ||| READING 3 scrolls of identify.
  4313 | D:4      | 4313 ||| IDENTIFYING dark potion
  4314 | D:4      | 4314 ||| READING 2 scrolls of identify.
  4314 | D:4      | 4314 ||| IDENTIFYING glowing silvery potion
  4315 | D:4      | 4315 ||| DROPPING potion of magic.
  4316 | D:4      | 4316 ||| DROPPING potion of enlightenment.
  4346 | D:5      | Entered Level 5 of the Dungeon
  4347 | D:5      | 4347 ||| PLANNING OSSUARY
  4354 | D:5      | 4354 ||| INVOKING Spit Poison.
  4358 | D:5      | 4358 ||| INVOKING Spit Poison.
  4388 | D:5      | Found a runed translucent gate.
  4389 | D:5      | Noticed qw's ghost (novice NaHu)
  4389 | D:5      | Found a runed translucent gate.
  4395 | D:5      | 4395 ||| INVOKING Spit Poison.
  4399 | D:5      | 4399 ||| INVOKING Spit Poison.
  4405 | D:5      | Reached skill level 8 in Ranged Weapons
  4430 | D:5      | Found a runed translucent gate.
  4443 | D:5      | 4443 ||| INVOKING Spit Poison.
  4450 | D:5      | 4450 ||| INVOKING Spit Poison.
  4459 | D:5      | 4459 ||| INVOKING Spit Poison.
  4462 | D:5      | 4462 ||| INVOKING Spit Poison.
  4467 | D:5      | 4467 ||| INVOKING Spit Poison.
  4472 | D:5      | HP: 18/73 [gnoll/+0 halberd[a gnoll bouda] (5)]
  4473 | D:5      | 4473 ||| READING scroll of teleportation.
  4474 | D:5      | 4474 ||| INVOKING Spit Poison.
  4475 | D:5      | HP: 2/73 [gnoll/+0 halberd[a gnoll bouda] (9)]
  4724 | D:5      | HP: 17/70 [wight/+0 spear (8)]
  4725 | D:5      | HP: 8/68 [wight/+0 spear (5)]
  4725 | D:5      | Slain by a wight

Levels and vault maps discovered:
D:1:      dpeg_arrival_rhombi, layout_basic, serial_rivers,
          chequers_serial_rivers_small_a, chequers_serial_rivers_small_b,
          chequers_serial_rivers_room_b, chequers_serial_rivers_micro_a,
          chequers_serial_rivers_small_b, chequers_serial_rivers_large_b,
          minmay_hexomino_p4
D:2:      layout_loops_corners
D:3:      layout_loops_cross, nicolae_overflow_hidden_temple,
          mainiacjoe_overflow_alcove_1, chequers_serial_rivers_micro_b
D:4:      layout_loops_ring, nicolae_tso_swordbearing_angel,
          lightli_sewer_entry_pipes, uniq_eustachio
D:5:      layout_cave_pools, mainiacjoe_overflow_24_doors, lemuel_doored_altar,
          minmay_temple_entry_glass, nicolae_ossuary_entry_catacombs,
          biasface_ghost_orc_armoury, lightli_minifort, uniq_sigmund

Skill      XL: |  1  2  3  4  5  6  7  8 |
---------------+-------------------------+-----
Ranged Weapons | 4 5 6 7 8 |  8.0
Fighting       | 3 4 5 |  5.0
Dodging        | 3 |  3.1
Stealth        | |  1.5

Action                     |  1- 3 |  4- 6 |  7- 9 || total
---------------------------+-------+-------+-------++-------
   Fire: Shortbow          |    45 |   106 |   139 ||   290
Ability: Spit Poison       |    22 |    35 |    40 ||    97
    Use: Scroll            |     4 |     6 |     5 ||    15
 Armour: Leather armour    |     1 |    14 |    17 ||    32
  Dodge: Dodged            |     4 |    35 |    44 ||    83

Table legend:
 A = Non-vault XP
 B = Vault XP
 C = Vault XP percentage of total XP
 D = Non-vault monster count
 E = Vault monster count
 F = Vault count percentage of total count
                 A         B        C        D         E       F
            +---------+---------+-------+---------+---------+-------
      Total |    1329 |     278 |  17.3 |      98 |       9 |   8.4
            +---------+---------+-------+---------+---------+-------
        D:1 |      29 |       4 |  12.1 |      14 |       2 |  12.5
        D:2 |      75 |       0 |   0.0 |      20 |       0 |   0.0
        D:3 |     302 |       0 |   0.0 |      30 |       0 |   0.0
        D:4 |     544 |     274 |  33.5 |      24 |       7 |  22.6
        D:5 |     379 |       0 |   0.0 |      10 |       0 |   0.0
            +---------+---------+-------+---------+---------+-------
